 Dungeon Crawl Stone Soup version 0.28.0 (webtiles) character file.

Game seed: 6038893276620632058

4 rockstonesolid the Sneak (level 1, -1/13 HPs)
             Began as a Gnoll Enchanter on Feb 17, 2022.
             Slain by a kobold (3 damage)
             ... on level 1 of the Dungeon.
             The game lasted 00:00:37 (93 turns).

rockstonesolid the Sneak (Gnoll Enchanter)            Turns: 93, Time: 00:00:38

Health: -1/13      AC:  2    Str:  7    XL:     1   Next: 70%
Magic:  6/6        EV: 13    Int: 14    God:
Gold:   10         SH:  0    Dex: 12    Spells: 9/9 levels left

rFire   . . .      SeeInvis .   a - +1 dagger
rCold   . . .      Faith    .   (no shield)
rNeg    . . .      Spirit   .   b - +0 robe
rPois   .          Reflect  .   (no helmet)
rElec   .          Harm     .   (no cloak)
rCorr   .          Rampage  .   (no gloves)
Will    .....                   (no boots)
Stlth   +++.......              (no amulet)
HPRegen 0.04/turn               (no ring)
MPRegen 0.10/turn               (no ring)

@: invisible
A: fangs 1, strong nose, distributed training
a: no special abilities


You were on level 1 of the Dungeon.
You visited 1 branch of the dungeon, and saw 1 of its levels.

You collected 10 gold pieces.

Inventory:

Hand Weapons
 a - a +1 dagger (weapon)
Armour
 b - a +0 robe (worn)
 e - a scarf of shadows
Scrolls
 d - a scroll of fear {unknown}


   Skills:
 + Level 0.1 Fighting
 + Level 2.4 Short Blades
 + Level 0.1 Long Blades
 + Level 0.1 Axes
 + Level 0.1 Maces & Flails
 + Level 0.1 Polearms
 + Level 0.1 Staves
 + Level 0.1 Slings
 + Level 0.1 Bows
 + Level 0.1 Crossbows
 + Level 0.1 Throwing
 + Level 0.1 Armour
 + Level 4.4 Dodging
 + Level 5.9 Stealth
 + Level 0.1 Shields
 + Level 0.1 Unarmed Combat
 + Level 4.9 Spellcasting
 + Level 0.1 Conjurations
 + Level 5.3 Hexes
 + Level 0.1 Summonings
 + Level 0.1 Necromancy
 + Level 0.1 Translocations
 + Level 0.1 Transmutations
 + Level 0.1 Fire Magic
 + Level 0.1 Ice Magic
 + Level 0.1 Air Magic
 + Level 0.1 Earth Magic
 + Level 0.1 Poison Magic
 + Level 0.2 Invocations
 + Level 0.1 Evocations


You had 9 spell levels left.
You didn't know any spells.
Your spell library contained the following spells:

 Spells                   Type           Power      Damage    Failure   Level
 Confusing Touch          Hex            18%        N/A       6%          3
 Tukima's Dance           Hex            18%        N/A       6%          3
 Ensorcelled Hibernation  Hex/Ice        22%        N/A       9%          2
 Dazzling Flash           Conj/Hex       22%        N/A       17%         3


Dungeon Overview and Level Annotations

Branches:
Dungeon (1/15)

Altars:


Innate Abilities, Weirdness & Mutations

You have very sharp teeth.
Your uncanny sense of smell can sniff out nearby items.
Your experience applies equally to all skills.


Message History

The quokka bites you.
You hit the quokka.
You kill the quokka!
Found 10 gold pieces.
You now have 10 gold pieces.
An endoplasm comes into view.
Found a runed scarf.
You see here a scarf of shadows.
e - a scarf of shadows The helpless endoplasm fails to defend itself.
You impale the endoplasm!!
You kill the endoplasm!
A ball python and a hobgoblin come into view.
A bat comes into view.
A kobold comes into view. It is wielding a +0 club.
The kobold shouts!
The hobgoblin shouts!
The bat closely misses you.
The kobold throws a stone.
The stone hits you but does no damage.
The ball python hisses angrily.
You hit the bat. Your bite misses the bat. The bat completely misses you.
You hit the bat.
You kill the bat!
A kobold comes into view.
It is wielding a +1 short sword of draining.
You open the door. The hobgoblin hits you.
There is an open door here.
You barely miss the hobgoblin.
The hobgoblin hits you but does no damage.
You hit the hobgoblin. The hobgoblin hits you.
* * * LOW HITPOINT WARNING * * *
You closely miss the hobgoblin. The hobgoblin closely misses you.
You hit the hobgoblin but do no damage. The hobgoblin closely misses you.
You hit the hobgoblin. The hobgoblin closely misses you.
You fade into invisibility!
The hobgoblin closely misses you.
You catch the helpless hobgoblin completely off-guard!
You puncture the hobgoblin!
You kill the hobgoblin!
You closely miss the ball python. The kobold hits you with a +0 club.
You die...

.# #.........# .#
#.........#
.......
'######.........#
.......
†....##.........#
.......
.....#####.####.#
.......
...........# #.#
.......
.....####### #.#
....... .....#
######.##.......
.....#
.......K@'.......
.....#
.K......##......^
.....# .......S#
....... .....#
........# ####+##
###### ........#
........#
........# .......


You could see a ball python (wandering) and 2 kobolds.

Vanquished Creatures
  An endoplasm (D:1)
  A hobgoblin (D:1)
  A quokka (D:1)
  A bat (D:1)
4 creatures vanquished.

Notes
Turn   | Place    | Note
-------+----------+-------------------------------------------
     0 | D:1      | rockstonesolid the Gnoll Enchanter began the quest for the
                  | Orb.
     0 | D:1      | Reached XP level 1. HP: 13/13 MP: 6/6
    93 | D:1      | Slain by a kobold

Illustrated notes

Levels and vault maps discovered:
D:1:      kennysheep_arrival_forest, layout_basic, minmay_heptomino_l4

Action                   || total
-------------------------++-------
Melee: Dagger            ||    17
  Use: Potion            ||     1
 Stab: Invisible         ||     1
       Sleeping          ||     1
Armor: Robe              ||     3
Dodge: Dodged            ||    11
